 Dungeon Crawl Stone Soup version 0.25-a0-42-g6c54e25894 (webtiles) character file.

Game seed: 11584865812495820692, levelgen mode: deterministic

2303 Gumption the Merchant of Misery (level 9, -4/65 HPs)
             Began as a Human Necromancer on Oct 22, 2019.
             Was a Believer of Kikubaaqudgha.
             Slain by a hornet (8 damage)
             ... on level 8 of the Dungeon.
             The game lasted 01:41:41 (9607 turns).

Gumption the Merchant of Misery (Human Necromancer) Turns: 9607, Time: 01:41:42

Health: -4/65      AC:  7    Str: 10    XL:     9   Next: 67%
Magic:  6/17       EV: 14    Int: 19    God:    Kikubaaqudgha [**....]
Gold:   39         SH:  0    Dex: 14    Spells: 2/18 levels left

rFire    . . .     SeeInvis .   a - +2 dagger (distort)
rCold    + . .     Gourm    .   (no shield)
rNeg     . . .     Faith    .   G - +3 leather armour {rC+}
rPois    .         Spirit   .   (no helmet)
rElec    .         Reflect  .   x - scarf {repulsion}
rCorr    .         Harm     .   j - +0 pair of gloves
MR       .....                  (no boots)
Stlth    ++++......             (no amulet)
HPRegen  1.20/turn              o - +2 ring of strength
MPRegen  0.15/turn              g - ring of stealth

@: lethally poisoned (-4 -> -5), regenerating, slowed, repel missiles, very slow
A: no striking features
a: Receive Corpses, Renounce Religion


You were on level 8 of the Dungeon.
You worshipped Kikubaaqudgha.
Kikubaaqudgha was pleased with you.
You were not hungry.

You visited 2 branches of the dungeon, and saw 9 of its levels.
You also visited: Sewer.

You collected 390 gold pieces.
You spent 351 gold pieces at shops.

Inventory:

Hand Weapons
 a - a +2 dagger of distortion (weapon)
 b - a +1 hunting sling
 y - a +0 trident
 D - a +0 war axe of venom
Missiles
 f - 250 stones
 u - 26 sling bullets
 w - 5 boomerangs (quivered)
Armour
 j - a +0 pair of gloves (worn)
 x - a scarf of repulsion (worn)
 G - a +3 leather armour of cold resistance (worn)
Jewellery
 g - a ring of stealth (right hand)
 o - a +2 ring of strength (left hand)
 v - an uncursed ring of see invisible
Scrolls
 m - 2 scrolls of enchant weapon
 q - a scroll of remove curse
 r - 11 scrolls of teleportation
 F - 2 scrolls of identify
Potions
 c - a potion of heal wounds
 d - a potion of might
 k - 2 potions of lignification
 l - a potion of resistance
 n - a potion of magic
 p - a potion of mutation
 t - a potion of haste
 z - 3 potions of flight
 A - a potion of invisibility
 B - a potion of brilliance
 C - a potion of curing
 E - a potion of berserk rage
Miscellaneous
 h - a sack of spiders
Comestibles
 e - 13 rations


   Skills:
 + Level 3.9 Fighting
 + Level 4.6 Dodging
 + Level 5.0 Stealth
 + Level 5.3 Spellcasting
 - Level 2.0 Charms
 * Level 8.8 Necromancy


You had 2 spell levels left.
You knew the following spells:

 Your Spells              Type           Power        Failure   Level  Hunger
a - Pain                  Necr           ####         1%          1    None
b - Animate Skeleton      Necr           N/A          1%          1    None
c - Vampiric Draining     Necr           #####.....   1%          3    ##.....
d - Animate Dead          Necr           N/A          4%          4    ####...
e - Sublimation of Blood  Necr           #####.....   1%          2    None
f - Corpse Rot            Necr           N/A          1%          2    None
z - Regeneration          Chrm/Necr      ####......   5%          3    ##.....

Your spell library contained the following spells:

 Spells                   Type           Power        Failure   Level  Hunger
 Corona                   Hex            #......      16%         1    None
 Magic Dart               Conj           #...         16%         1    None
 Sting                    Conj/Pois      #...         16%         1    None
 Blink                    Tloc           N/A          24%         2    None
 Call Imp                 Summ           #.......     24%         2    None
 Ensorcelled Hibernation  Hex/Ice        #.....       24%         2    None
 Poisonous Vapours        Pois/Air       #.....       24%         2    None
 Slow                     Hex            #.......     24%         2    None
 Confuse                  Hex            #.......     43%         3    ##.....
 Conjure Flame            Conj/Fire      #.......     43%         3    ##.....
 Dazzling Spray           Conj/Hex       #.....       43%         3    ##.....
 Mephitic Cloud           Conj/Pois/Air  #.......     43%         3    ##.....
 Tukima's Dance           Hex            #.......     43%         3    ##.....
 Olgreb's Toxic Radiance  Pois           #.......     85%         4    ####...
 Venom Bolt               Conj/Pois      #.........   99%         5    #####..


Dungeon Overview and Level Annotations

Branches:
Dungeon (8/15)             Temple (1/1) D:4           Sewer (visited)
   Lair: D:8-11

Altars:
Ashenzari
Dithmenos
Elyvilon
Fedhas
Gozag
Hepliaklqana
Kikubaaqudgha
Makhleb
Nemelex Xobeh
Okawaru
Qazlal
Ru
Sif Muna
Trog
Uskayaw
Vehumet
Wu Jian
Xom
Yredelemnul
Zin
The Shining One

Shops:
D:7 [

Annotations:
D:4 1 runed translucent door


Message History

You can move again.
You hit the hornet but do no damage.
Space bends around the hornet.
The hornet is severely wounded.
The hornet completely misses you. The hornet stings you!
* * * LOW HITPOINT WARNING * * *
You feel as though you will be slow longer.
The hornet stings you but does no damage.
The hornet closely misses you.
You closely miss the hornet.
The hornet is severely wounded.
The hornet stings you.
* * * LOW HITPOINT WARNING * * *
You are poisoned.
You feel as though you will be slow longer.
The hornet stings you.
* * * LOW HITPOINT WARNING * * *
You feel as though you will be slow longer.
The hornet stings you!
You die...
Kikubaaqudgha rasps: "You have failed me!
Welcome... death!"

.###.##.##... ....
..#..#............#.
.....##....#....#...
.....##.........#...###
.# #..................#
[###.....###.........#
..##......#......##.##
..###..........y.#...#
...##..####....y@....##
.......#..#...........##
..>....#..#............#
......###'##..........##
......##.#.#....<....##
......#.#.##........##
.####.##.#.#........# ##
###.#.##........# #
##.#.#.......##


You could see 2 hornets.

Vanquished Creatures
  A hungry ghost (D:8)
  Purgy (Sewer)
  2 black bears
  A sky beast (D:6)
  5 ogres
  A centaur (D:5)
  A big kobold (D:7)
  A bullfrog (D:5)
  A howler monkey (D:4)
  4 crimson imps (D:7)
  A centaur zombie (D:7)
  2 hounds
  A jelly (D:7)
  An orc priest (D:5)
  An orc wizard (D:6)
  3 worker ants
  A worker ant zombie (D:6)
  4 gnolls (D:3)
  11 adders
  A shadow imp (D:7)
  A white imp (D:7)
  2 worms (D:2)
  3 dart slugs
  6 leopard geckos
  20 orcs
  A ball python (D:2)
  4 giant cockroaches
  10 goblins
  6 hobgoblins
  7 jackals
  3 quokkas
  11 bats
  5 frilled lizards
  A giant cockroach zombie (D:6)
  A goblin zombie (D:4)
  A jackal skeleton (D:4)
  14 kobolds
  A quokka skeleton (D:5)
  12 rats
153 creatures vanquished.

Vanquished Creatures (collateral kills)
  A black bear (D:7)
  2 crimson imps (D:7)
  A hound (D:5)
  A gnoll shaman (D:7)
  3 gnolls (D:7)
  An adder (D:3)
  An adder skeleton (D:2)
  A dart slug (D:3)
  4 orcs
  2 jackals
  A quokka (D:4)
18 creatures vanquished.

Vanquished Creatures (others)
  A hippogriff (D:8)
  A soldier ant (D:8)
  A bullfrog (D:8)
  A crimson imp (D:7)
  A shadow imp (D:7)
  An orc (D:3)
6 creatures vanquished.

Grand Total: 177 creatures vanquished

Notes
Turn   | Place    | Note
-------+----------+-------------------------------------------
     0 | D:1      | Gumption the Human Necromancer began the quest for the Orb.
     0 | D:1      | Reached XP level 1. HP: 13/13 MP: 3/3
     2 | D:1      | Learned a level 1 spell: Animate Skeleton
   346 | D:1      | Reached XP level 2. HP: 19/19 MP: 3/5
   955 | D:1      | Reached XP level 3. HP: 21/24 MP: 2/6
   999 | D:1      | Learned a level 3 spell: Vampiric Draining
  2028 | D:2      | Reached skill level 5 in Necromancy
  2028 | D:2      | Reached XP level 4. HP: 27/30 MP: 1/8
  2636 | D:2      | Found a faded altar of an unknown god.
  2636 | D:2      | Found a shimmering altar of Xom.
  2641 | D:2      | Found a basalt altar of Yredelemnul.
  2654 | D:2      | Found a shattered altar of Ashenzari.
  2657 | D:2      | Found a glowing golden altar of the Shining One.
  3091 | D:3      | Reached XP level 5. HP: 34/35 MP: 6/9
  3379 | D:3      | Found a glowing drain.
  3395 | Sewer    | Entered a sewer
  3499 | Sewer    | Noticed Purgy
  3519 | Sewer    | Killed Purgy
  3519 | Sewer    | Reached skill level 6 in Necromancy
  3519 | Sewer    | Reached XP level 6. HP: 26/41 MP: 0/11
  3524 | Sewer    | Learned a level 3 spell: Regeneration
  3529 | Sewer    | Learned a level 4 spell: Animate Dead
  4219 | D:3      | You fall into a shaft and drop 2 floors!
  4219 | D:5      | Entered Level 5 of the Dungeon
  4323 | D:5      | Noticed an ogre
  4347 | D:5      | Noticed an ogre
  4490 | D:4      | Found a staircase to the Ecumenical Temple.
  4507 | Temple   | Entered the Ecumenical Temple
  4707 | Temple   | Became a worshipper of Kikubaaqudgha
  5111 | D:3      | Reached XP level 7. HP: 36/47 MP: 4/12
  5354 | D:3      | Reached * piety under Kikubaaqudgha
  5354 | D:3      | Identified Kikubaaqudgha's Guide on Evil (Kikubaaqudgha
                  | gifted it to you on level 3 of the Dungeon)
  5354 | D:3      | Received a gift from Kikubaaqudgha
  5610 | D:4      | Got a transparent chain mail
  6154 | D:4      | Found a runed translucent door.
  6154 | D:4      | Noticed a human
  6163 | D:4      | Found a basalt altar of Yredelemnul.
  6995 | D:5      | Reached skill level 1 in Fighting
  6995 | D:5      | Reached skill level 1 in Charms
  7194 | D:5      | Learned a level 2 spell: Sublimation of Blood
  7469 | D:5      | Reached skill level 7 in Necromancy
  7593 | D:5      | Reached XP level 8. HP: 54/55 MP: 12/14
  8327 | D:6      | Learned a level 2 spell: Corpse Rot
  8712 | D:7      | Identified the +4 chain mail of the Special Dances {rC+
                  | Stlth+} (You found it on level 4 of the Dungeon)
  8856 | D:7      | Reached XP level 9. HP: 62/62 MP: 14/16
  8987 | D:7      | Identified the Guide on Doomed Ignition
  8995 | D:7      | Reached ** piety under Kikubaaqudgha
  8995 | D:7      | Reached skill level 8 in Necromancy
  9184 | D:7      | Reached skill level 5 in Spellcasting
  9274 | D:7      | Found Xicheuf's Antique Armour Shoppe.
  9303 | D:7      | Bought a glowing scarf for 216 gold pieces
  9303 | D:7      | Bought a runed leather armour for 135 gold pieces
  9483 | D:8      | Found a glowing silver altar of Zin.
  9520 | D:8      | Noticed a hippogriff
  9526 | D:8      | Banished a hippogriff
  9543 | D:8      | Noticed a hornet
  9545 | D:8      | Noticed a hornet
  9585 | D:8      | Reached skill level 5 in Stealth
  9605 | D:8      | Paralysed by a hornet for 1 turns
  9607 | D:8      | Slain by a hornet

Levels and vault maps discovered:
D:1:      dpeg_arrival_boxorama, layout_basic
D:2:      layout_loops_cross, chequers_temple_overflow_minitemple, fountainhead
D:3:      layout_loops_ring, serial_glass, glass_columns_a, glass_columns_a,
          portal_sewer_entry_d, kennysheep_cross_room, st_stairs_9
D:4:      layout_loops_corners, temple_statues, dk_yredelemnul_ordeal
D:5:      layout_cave_pods, first_ration, minmay_crystal_room,
          ebering_dispersal_statue_hall
D:6:      layout_cave_pools, minmay_door_square
D:7:      layout_rooms, serial_shops, nicolae_shop_overgrown_old_shop,
          minmay_nine_imps
D:8:      layout_cave_pools, lemuel_crystal_altar, enter_ossuary_4,
          hangedman_pestilent_swarm
Temple:   regret_index_temple_sphere_string

Skill      XL: |  1  2  3  4  5  6  7  8  9 |
---------------+----------------------------+-----
Necromancy     | 5 6 7 8 |  8.8
Spellcasting   | 3 4 5 |  5.3
Fighting       | 1 2 3 |  3.9
Charms         | 1 2 |  2.0
Stealth        | 3 4 5 |  5.0
Dodging        | 3 4 |  4.6

Action                   |  1- 3 |  4- 6 |  7- 9 || total
-------------------------+-------+-------+-------++-------
Melee: Dagger            |    11 |    53 |   199 ||   263
 Fire: Hunting sling     |       |    19 |       ||    19
Throw: Stone             |       |     2 |       ||     2
       Boomerang         |       |     7 |    43 ||    50
 Cast: Pain              |    56 |    90 |   117 ||   263
       Animate Skeleton  |    16 |    28 |    32 ||    76
       Regeneration      |       |       |     3 ||     3
  Use: Scroll            |       |    14 |     5 ||    19
       Potion            |       |     1 |     1 ||     2
 Stab: Sleeping          |       |     1 |     4 ||     5
  Eat: Chunk             |     1 |    10 |    11 ||    22
       Ration            |     1 |       |     2 ||     3
Armor: Robe              |    10 |       |       ||    10
       Leather armour    |       |    21 |    49 ||    70
Dodge: Dodged            |    13 |    42 |   123 ||   178
       Deflected         |       |       |     2 ||     2

Table legend:
 A = Non-vault XP
 B = Vault XP
 C = Vault XP percentage of total XP
 D = Non-vault monster count
 E = Vault monster count
 F = Vault count percentage of total count
                 A         B        C        D         E       F
            +---------+---------+-------+---------+---------+-------
      Total |    2676 |     615 |  18.7 |     160 |      17 |   9.6
            +---------+---------+-------+---------+---------+-------
        D:1 |      39 |       0 |   0.0 |      23 |       0 |   0.0
        D:2 |      95 |       0 |   0.0 |      30 |       0 |   0.0
        D:3 |     160 |      40 |  20.0 |      45 |       3 |   6.2
        D:4 |     150 |       1 |   0.7 |       8 |       1 |  11.1
        D:5 |     580 |       0 |   0.0 |      16 |       0 |   0.0
        D:6 |     456 |       0 |   0.0 |      12 |       0 |   0.0
        D:7 |     786 |     273 |  25.8 |      23 |       8 |  25.8
        D:8 |     410 |     151 |  26.9 |       3 |       2 |  40.0
      Sewer |       0 |     150 | 100.0 |       0 |       3 | 100.0
            +---------+---------+-------+---------+---------+-------
